Map: Triton LE

Players

HeroMarine

  • Race: Terran Terran
  • Spawn Location: 5:00

ShoWTimE - Winner!

  • Race: Protoss Protoss
  • Spawn Location: 11:00

Event: IEM Katowice 2020

VOD

Have the link to the VOD?

Description

Time

  • Played on: Feb. 24, 2020, 10:16 a.m.
  • Length: 22:39

All games in this series

Show
View Real Time Build Order
Export as new Build Order

HeroMarine Terran 

Build Orders: Gas First Reaper Expand 

Get SALT Encoding   

  12  0:00  SCV  
  13  0:12  SCV  
  14  0:16  Supply Depot  
  14  0:24  SCV  
  14  0:27  Refinery  
  15  0:38  SCV  
  16  0:44  Barracks  
  16  0:50  SCV  
  17  1:02  SCV  
  18  1:14  SCV  
  19  1:31  Reaper, Orbital Command  
  20  1:45  Command Center  
  20  1:53  Factory  
  20  1:57  SCV  
  21  2:05  Barracks Reactor  
  21  2:10  SCV  
  21  2:14  Supply Depot  
  22  2:18  Refinery  
  22  2:22  SCV  
  23  2:36  SCV  
  24  2:42  Starport, Marine x2  
  26  2:48  SCV  
  26  2:49  Widow Mine  
  29  2:57  Orbital Command  
  29  3:00  SCV, Marine x2  
  32  3:12  SCV  
  35  3:17  Factory Tech Lab  
  31  3:21  Marine x2  
  31  3:24  SCV x2  
  31  3:25  Supply Depot  
  35  3:36  SCV x2, Viking  
  35  3:38  Cyclone  
  42  3:48  SCV x2  
  44  3:58  Marine x2  
  44  4:00  SCV x2  
  47  4:08  Starport Tech Lab  
  47  4:10  Siege Tank  
  47  4:12  SCV  
  47  4:13  SCV  
  53  4:17  Supply Depot  
  51  4:24  Command Center, Barracks  
  51  4:27  SCV x2  
  53  4:36  Supply Depot  
  53  4:38  Raven  
  53  4:39  SCV x2  
  53  4:43  Barracks  
  57  4:45  Marine x2  
  57  4:51  SCV x2  
  61  4:53  Engineering Bay  
  61  5:03  SCV x2, Siege Tank  
  61  5:05  Marine  
  61  5:06  Marine  
  65  5:12  Refinery  
  65  5:15  SCV x2  
  65  5:21  Terran Infantry Weapons Level 1  
  67  5:23  Marine x2  
  67  5:27  SCV  
  70  5:33  Barracks  
  70  5:34  Barracks  
  70  5:35  Refinery  
  70  5:36  SCV, Orbital Command  
  70  5:38  Stimpack  
  73  5:43  SCV  
  73  5:44  Marine  
  73  5:45  Marine x3  
  73  5:47  Starport Reactor  
  73  5:48  SCV, Factory Reactor  
  77  5:55  Missile Turret  
  77  5:57  SCV  
  78  6:00  SCV, Combat Shield  
  78  6:02  Marine  
  78  6:03  Marine  
  78  6:04  Orbital Command  
  82  6:08  Supply Depot  
  82  6:09  SCV  
  82  6:10  Supply Depot  
  82  6:11  Marauder  
  84  6:12  SCV, Marauder  
  87  6:21  SCV  
  87  6:23  Barracks Reactor  
  87  6:24  SCV, Barracks Tech Lab  
  87  6:25  Supply Depot x2  
  88  6:29  Marine x2  
  88  6:31  SCV, Marine  
  92  6:33  SCV, Marine  
  92  6:36  SCV, Medivac  
  97  6:40  Medivac  
  97  6:43  SCV  
  97  6:46  SCV, Concussive Shells, Marauder  
  103  6:48  Widow Mine x2  
  103  6:50  SCV  
  103  6:52  Supply Depot, Marine x2  
  109  6:55  SCV  
  109  6:57  Marauder x2  
  109  6:58  SCV  
  109  7:00  Missile Turret  
  115  7:02  SCV  
  115  7:04  Supply Depot  
  115  7:05  Marine x2  
  115  7:07  SCV  
  119  7:10  Medivac x2  
  119  7:14  SCV x2  
  125  7:17  Refinery  
  125  7:18  Marauder, Refinery  
  125  7:19  SCV  
  125  7:21  Marauder  
  125  7:22  Marauder  
  132  7:25  Marine x2  
  132  7:27  Marine  
  132  7:28  Marine  
  134  7:32  SCV x2, Terran Infantry Armor Level 1  
  134  7:33  Supply Depot  
  134  7:34  SCV  
  137  7:39  Marauder  
  137  7:42  Marauder  
  141  7:46  SCV  
  141  7:53  Supply Depot x2  
  141  7:55  Medivac x2, Marauder  
  147  8:02  Command Center  
  147  8:03  Starport  
  147  8:05  Marauder  
  148  8:14  Marauder, Marine x2  
  148  8:16  Marauder  
  141  8:22  Marine x2  
  141  8:24  Viking x2  
  141  8:26  Marauder  
  149  8:32  Marine  
  150  8:35  Marauder  
  150  8:36  Marine  
  150  8:38  Marauder  
  150  8:39  Marine  
  150  8:40  Medivac x2  
  150  8:43  Marine  
  150  8:47  Marauder  
  153  8:48  Armory  
  153  8:49  Engineering Bay  
  153  8:50  Marine  
  153  8:54  Supply Depot, Missile Turret, Marine  
  153  8:57  Marauder, Marine  
  153  8:59  Viking x2, Marauder  
  162  9:09  Marauder, Marine  
  165  9:13  Supply Depot, Marine  
  166  9:18  Marauder  
  166  9:20  Marauder  
  171  9:24  SCV x2  
  172  9:33  Marauder  
  172  9:37  SCV x3, Barracks  
  172  9:38  Barracks x2  
  175  9:39  Marauder  
  175  9:42  Marauder  
  178  9:46  Viking x2, Medivac x2  
  178  9:47  Terran Infantry Weapons Level 2  
  178  9:48  Terran Ship Weapons Level 1  
  178  9:49  SCV, Missile Turret  
  186  9:53  Marine x3  
  186  9:54  Marine  
  186  9:56  Marauder  
  186  9:59  Terran Infantry Armor Level 2  
  192  10:00  Marine  
  192  10:01  Supply Depot  
  193  10:19  Marauder  
  185  10:36  Marauder, Marine  
  185  10:38  Marine  
  185  10:39  Marauder  
  185  10:40  Barracks Reactor, Barracks Tech Lab x2  
  185  10:41  Marauder  
  185  10:42  Planetary Fortress  
  188  10:43  Marine  
  188  10:44  SCV  
  188  10:45  SCV x2  
  192  11:04  Marauder  
  192  11:08  Fusion Core  
  192  11:09  Ghost Academy  
  192  11:13  Refinery x2  
  192  11:15  Command Center  
  192  11:16  Marauder x2  
  196  11:27  Command Center  
  169  11:41  Marauder, Marine x5  
  169  11:42  Viking x2, Marine  
  169  11:43  Viking  
  189  11:52  Starport  
  189  11:54  Viking  
  191  11:59  Marine x3  
  194  12:03  Marauder  
  196  12:09  Unknown x4  
  196  12:14  Supply Depot  
  196  12:15  Marauder  
  196  12:20  Viking  
  196  12:21  Marauder  
  191  12:24  Marauder  
  191  12:29  Liberator x2  
  184  12:31  Advanced Ballistics  
  184  12:34  Terran Infantry Weapons Level 3  
  184  12:38  Orbital Command  
  184  12:40  Unknown  
  184  12:42  Unknown, Marauder  
  184  12:44  Orbital Command  
  175  12:45  Marauder  
  175  12:48  Viking  
  170  12:53  Marauder  
  170  12:54  Marine  
  170  12:58  Marauder, Marine x3  
  160  13:00  Marine  
  160  13:02  Orbital Command  
  164  13:10  Marauder  
  166  13:13  Marauder  
  166  13:15  Unknown  
  166  13:17  Liberator  
  166  13:19  SCV x2  
  170  13:22  Planetary Fortress  
  170  13:28  Liberator  
  173  13:34  Bunker  
  173  13:39  Liberator x2  
  177  13:45  Marauder  
  177  13:47  Marauder x2  
  179  13:49  Marauder  
  181  13:58  Marauder  
  181  14:00  SCV, Liberator  
  181  14:01  SCV x2  
  189  14:06  Marauder  
  191  14:11  Liberator  
  177  14:17  Marauder  
  177  14:20  Marine x2  
  177  14:21  Marine x2  
  177  14:22  Liberator  
  184  14:46  Marauder x2  
  184  14:48  Marauder  
  184  14:49  Marine x2  
  186  14:53  Marauder  
  186  15:03  Marine, Sensor Tower  
  189  15:07  Marauder  
  189  15:13  Marauder  
  191  15:15  Marine x2  
  191  15:16  Unknown  
  191  15:19  Supply Depot, Command Center  
  188  15:23  Missile Turret  
  184  15:33  SCV  
  181  15:38  Enhanced Shockwaves  
  175  15:48  Marauder  
  166  15:52  Marine x2  
  160  16:03  Missile Turret  
  162  16:04  Marauder x2  
  162  16:10  Medivac x2  
  166  16:14  Marine x2  
  166  16:15  Marine  
  166  16:17  Marauder  
  171  16:20  Marauder  
  171  16:21  Marine x2  
  176  16:38  Marauder, Marine x2  
  176  16:39  Marauder  
  184  16:42  Marauder, Marine  
  184  16:43  Marine  
  184  16:46  Marine  
  189  16:49  Unknown  
  189  16:52  Rapid Reignition System  
  191  16:54  Marauder  
  186  17:03  Unknown  
  186  17:04  Marauder, Marine x2  
  186  17:08  Marauder  
  184  17:10  Marine  
  184  17:11  Marine x2  
  184  17:12  Medivac x2  
  184  17:13  Medivac x2  
  183  17:25  Marauder  
  183  17:27  Unknown  
  183  17:37  Starport Reactor  
  178  17:38  Orbital Command  
  178  17:40  Unknown  
  178  17:41  Marauder x2  
  178  17:42  Marine x2, Liberator x2  
  178  17:43  Unknown  
  190  17:45  Missile Turret, Liberator  
  190  17:48  Liberator  
  192  18:03  SCV x2  
  192  18:04  SCV x2  
  192  18:20  SCV x3, Missile Turret  
  192  18:21  SCV  
  192  18:24  Unknown  
  196  18:28  Marine  
  186  18:39  Unknown  
  186  18:40  Marauder  
  179  18:42  Marine  
  179  18:43  Marine x2  
  179  18:47  Marine  
  182  18:51  SCV x2  
  184  18:56  Unknown  
  184  19:02  Personal Cloaking  
  168  19:11  Liberator  
  168  19:13  Liberator  
  172  19:24  Marine x2  
  172  19:25  Unknown x2, Marauder x2, Marine x2  
  172  19:27  Marine x3  
  172  19:28  Marine  
  172  19:29  Marine  
  165  19:48  Liberator  
  165  19:49  Liberator  
  120  20:24  Orbital Command, Marine  
  102  20:46  Marauder  
  102  20:55  Orbital Command  
  101  21:05  Marauder  
  101  21:08  Marauder  
  91  21:36  Liberator  
  94  21:46  Marauder  
  82  21:48  Marauder, Marine  
  82  21:52  Marine  
  64  21:55  Marine  
  64  22:01  Marine  
  61  22:04  Marine  
  62  22:09  Marine  
  62  22:19  Marine  
Show
View Real Time Build Order
Export as new Build Order

ShoWTimE Protoss - Winner!

Build Orders: 1 Gate Expand, Oracle Opening 

Get SALT Encoding   

  12  0:00  Probe  
  13  0:12  Probe  
  14  0:17  Pylon  
  14  0:24  Probe (Chrono Boost)  
  16  0:36  Probe (Chrono Boost), Gateway  
  16  0:43  Probe (Chrono Boost)  
  16  0:45  Assimilator  
  17  0:51  Probe  
  18  1:03  Probe  
  19  1:15  Probe  
  20  1:22  Nexus  
  20  1:31  Cybernetics Core  
  20  1:33  Probe  
  20  1:39  Assimilator  
  21  1:46  Probe  
  22  1:49  Pylon  
  22  1:58  Probe  
  23  2:04  Adept (Chrono Boost)  
  25  2:10  Probe  
  26  2:18  Stargate  
  26  2:22  Probe  
  27  2:24  Adept (Chrono Boost)  
  29  2:31  Warp Gate  
  29  2:34  Probe (Chrono Boost)  
  31  2:40  Probe (Chrono Boost)  
  31  2:43  Probe (Chrono Boost)  
  32  2:46  Adept  
  32  2:47  Probe (Chrono Boost)  
  32  2:48  Probe (Chrono Boost)  
  37  2:58  Probe  
  37  3:00  Probe  
  37  3:03  Oracle (Chrono Boost)  
  41  3:10  Probe  
  41  3:13  Probe  
  41  3:18  Pylon  
  40  3:22  Probe  
  40  3:25  Probe  
  42  3:27  Adept  
  42  3:33  Oracle (Chrono Boost)  
  44  3:34  Probe  
  44  3:36  Gateway  
  44  3:37  Probe  
  44  3:41  Gateway  
  49  3:46  Pylon  
  49  3:47  Probe  
  50  3:49  Probe  
  51  3:59  Probe  
  51  4:00  Pylon  
  51  4:01  Probe  
  51  4:11  Probe  
  51  4:13  Probe  
  53  4:17  Phoenix (Chrono Boost)  
  53  4:21  Nexus  
  53  4:23  Probe  
  56  4:25  Probe  
  56  4:30  Robotics Facility  
  55  4:32  Assimilator  
  55  4:35  Probe, Assimilator  
  55  4:37  Probe  
  57  4:40  Phoenix (Chrono Boost)  
  57  4:43  Pylon  
  59  4:47  Probe  
  59  4:49  Probe, Adept  
  63  4:59  Probe  
  64  5:02  Probe  
  62  5:08  Gateway  
  62  5:09  Forge  
  62  5:11  Probe  
  62  5:14  Probe  
  64  5:19  Observer  
  64  5:20  Sentry  
  67  5:21  Robotics Bay  
  67  5:23  Probe  
  67  5:26  Probe  
  69  5:35  Probe  
  69  5:37  Probe  
  69  5:38  Probe, Sentry, Gateway  
  69  5:40  Gateway, Observer  
  69  5:41  Pylon  
  75  5:43  Protoss Ground Weapons Level 1 (Chrono Boost)  
  75  5:46  Pylon  
  75  5:48  Probe  
  75  5:49  Probe  
  77  5:50  Probe  
  77  5:56  Zealot x2  
  82  6:00  Probe, Assimilator  
  82  6:01  Probe  
  82  6:02  Probe, Assimilator  
  85  6:04  Pylon  
  85  6:05  Colossus (Chrono Boost)  
  91  6:12  Probe  
  91  6:13  Probe  
  91  6:14  Phoenix  
  91  6:16  Pylon  
  95  6:20  Shield Battery  
  95  6:28  Twilight Council  
  95  6:34  Photon Cannon  
  95  6:36  Zealot x3  
  95  6:38  Colossus (Chrono Boost)  
  107  6:52  Extended Thermal Lance (Chrono Boost), Gateway, Forge  
  107  6:56  Gateway  
  107  6:57  Pylon  
  107  7:01  Charge (Chrono Boost)  
  107  7:02  Probe  
  107  7:08  Stalker x3  
  114  7:10  Probe  
  114  7:13  Zealot x2  
  117  7:16  Probe  
  117  7:18  Probe  
  117  7:20  Stalker  
  121  7:28  Colossus (Chrono Boost)  
  123  7:34  Stalker x2  
  125  7:39  Zealot x3  
  125  7:44  Pylon  
  131  7:53  Stalker  
  131  7:56  Pylon  
  131  7:57  Pylon  
  133  7:59  Robotics Facility  
  133  8:02  Probe, Protoss Ground Armor Level 1 (Chrono Boost)  
  133  8:05  Pylon  
  131  8:15  Zealot x5  
  137  8:25  Stalker  
  139  8:31  Probe  
  139  8:33  Probe  
  130  8:34  Probe, Protoss Ground Weapons Level 2 (Chrono Boost)  
  130  8:37  Blink (Chrono Boost)  
  124  8:43  Probe  
  124  8:45  Warp Prism (Chrono Boost), Probe  
  126  8:52  Probe  
  126  8:55  Probe, Disruptor (Chrono Boost)  
  129  8:56  Nexus  
  129  8:57  Probe  
  129  9:01  Stalker x4  
  139  9:06  Pylon  
  133  9:13  Stalker x3  
  138  9:25  Disruptor  
  140  9:32  Disruptor  
  140  9:41  Pylon  
  140  9:43  Pylon  
  140  9:44  Pylon  
  140  9:53  Stalker x4  
  140  9:58  Probe  
  149  10:00  Nexus  
  149  10:02  Pylon  
  149  10:05  Disruptor  
  149  10:06  Pylon  
  152  10:10  Disruptor  
  152  10:12  Zealot x4  
  163  10:19  Zealot x2  
  163  10:20  Zealot x2  
  171  10:27  Probe x2  
  164  10:33  Zealot x4  
  152  10:51  Twilight Council, Zealot x4  
  152  10:55  Stalker x2  
  152  10:57  Protoss Shields Level 1 (Chrono Boost)  
  158  11:04  Pylon, Zealot  
  156  11:06  Pylon, Disruptor (Chrono Boost)  
  164  11:20  Disruptor (Chrono Boost)  
  164  11:23  Zealot  
  164  11:24  Zealot x3  
  168  11:32  Zealot x3  
  156  11:42  Probe x2  
  156  11:43  Probe x2  
  156  11:44  Protoss Ground Armor Level 2 (Chrono Boost), Robotics Facility  
  156  11:45  Disruptor (Chrono Boost)  
  159  11:55  Stalker x3  
  159  11:59  Zealot  
  167  12:09  Zealot  
  167  12:10  Zealot x2  
  162  12:23  Disruptor x2  
  162  12:28  Zealot x5  
  175  12:34  Zealot x2  
  179  12:40  Pylon  
  177  12:50  Protoss Ground Weapons Level 3 (Chrono Boost)  
  161  12:55  Disruptor (Chrono Boost)  
  161  12:58  Zealot x7  
  159  13:06  Disruptor (Chrono Boost)  
  150  13:22  Disruptor (Chrono Boost)  
  150  13:24  Dark Shrine  
  153  13:27  Nexus  
  153  13:29  Pylon  
  153  13:38  Probe x4  
  160  13:42  Disruptor (Chrono Boost)  
  160  13:48  Zealot x7  
  172  13:50  Probe  
  172  13:54  Stalker  
  175  14:00  Protoss Shields Level 2 (Chrono Boost)  
  165  14:22  Stalker x5  
  173  14:30  Probe x4  
  177  14:38  Dark Templar x3  
  175  14:54  Stalker x4  
  175  15:01  Photon Cannon  
  175  15:02  Dark Templar  
  175  15:03  Photon Cannon  
  175  15:05  Shield Battery  
  175  15:08  Assimilator  
  175  15:13  Zealot x2, Assimilator  
  179  15:20  Colossus  
  183  15:22  Nexus  
  183  15:25  Stalker, Pylon  
  183  15:26  Stalker x2  
  177  15:31  Zealot x2  
  177  15:34  Zealot x2  
  179  15:36  Protoss Ground Armor Level 3 (Chrono Boost)  
  179  15:40  Zealot  
  173  15:49  Dark Templar x2  
  167  15:50  Zealot  
  157  16:05  Stalker  
  157  16:06  Stalker x4  
  167  16:11  Stalker  
  167  16:17  Probe  
  167  16:18  Probe x2  
  172  16:24  Stalker x2  
  174  16:42  Zealot  
  174  16:43  Zealot x5  
  174  16:46  Nexus  
  186  16:47  Protoss Shields Level 3 (Chrono Boost)  
  186  16:48  Pylon  
  186  16:52  Dark Templar x2  
  180  17:07  Zealot x6  
  176  17:13  Shadow Stride (Chrono Boost)  
  170  17:24  Gateway  
  170  17:26  Gateway  
  170  17:29  Stalker x3  
  172  17:33  Nexus  
  172  17:34  Pylon  
  172  17:35  Stalker  
  172  17:36  Stalker  
  174  17:43  Dark Templar  
  176  17:47  Dark Templar  
  178  17:51  Zealot  
  174  18:01  Zealot x3  
  174  18:02  Zealot x2  
  184  18:12  Zealot  
  176  18:16  Zealot  
  176  18:19  Dark Templar  
  170  18:20  Zealot  
  170  18:24  Dark Templar  
  170  18:25  Zealot x4  
  172  18:33  Zealot  
  134  18:43  Dark Templar x2  
  118  18:54  Zealot x6  
  128  19:06  Disruptor (Chrono Boost)  
  128  19:09  Stalker  
  129  19:22  Stalker x4  
  127  19:35  Nexus  
  127  19:36  Dark Templar  
  125  19:56  Pylon  
  125  19:57  Stalker x6  
  117  20:23  Zealot  
  117  20:24  Zealot  
  117  20:25  Zealot x3  
  125  20:39  Stalker x2  
  129  20:45  Dark Templar  
  128  21:10  Stalker  
  108  21:31  Stalker x2, Pylon  
  107  21:36  Stalker  
  99  21:51  Zealot x3  
  86  22:02  Stalker x3  
  86  22:08  Stalker  
  94  22:10  Stalker x3  
  94  22:14  Gateway  
  98  22:23  Gateway  
  98  22:24  Gateway  

Tags
 
Add a new tag
Caveats
  • Supply blocks, unpowered buildings, or Contaminate may cause inaccurate times.
  • Supply counts are checked every 10 seconds.